 Seeded DCSS version 0.30-a0-393-g54b8e3be05 (webtiles) character file.

Game seed: 10793854123983074938 (custom seed)

96674 valliere the Severer (level 16, -13/142 (146) HPs)
             Began as a Hill Orc Monk on Dec 5, 2022.
             Was a High Priest of Beogh.
             Killed from afar by a deep troll earth mage (36 damage)
             ... with a blast of crystal shards
             ... on level 2 of the Depths.
             The game lasted 01:17:36 (24726 turns).

valliere the Severer (Hill Orc Monk)               Turns: 24726, Time: 01:17:37

HP:   -13/142 (146) AC: 32    Str: 24    XL:     16   Next: 17%
MP:   21/27         EV:  5    Int: 10    God:    Beogh [*****.]
Gold: 1174          SH: 14    Dex: 15    Spells: 15/15 levels left

rFire   + + +      SeeInvis .    y - +5 hand axe "Qoeragge" {drain, rF+++ Will- Dex-5 Stlth+}
rCold   . . .      Faith    +    s - +0 tower shield
rNeg    . . .      Spirit   .    W - +0 crystal plate armour
rPois   .          Reflect  .    m - +0 helmet
rElec   .          Harm     .    U - +0 cloak
rCorr   .          Rampage  .    B - +0 pair of gloves
Will    +....                    (no boots)
Stlth   ..........               S - amulet of Moqas {Faith Dex+7 Slay+3}
HPRegen 0.43/turn                R - ring of Hoffisuw {Will+ AC+4 Str+2 Slay+2}
MPRegen 0.20/turn                j - +4 ring of slaying

@: lightly drained
A: walk on water, iridescent scales 1
a: Renounce Religion, Smiting, Recall Orcish Followers, Give Item to Named
Follower


You were on level 2 of the Depths.
You worshipped Beogh.
Beogh was extremely pleased with you.
You visited 4 branches of the dungeon, and saw 24 of its levels.

You collected 2952 gold pieces.
You spent 1778 gold pieces at shops.

Inventory:

Hand Weapons
 u - the +1 flail of Destruction {vorpal, rPois Str+4 Stlth+}
   (You found it on level 3 of the Dungeon)

   It inflicts extra damage upon your enemies.
   Str:       It affects your strength (+4).
   rPois:     It protects you from poison.
   Stlth:     It makes you more stealthy.
 y - the +5 hand axe "Qoeragge" (weapon) {drain, rF+++ Will- Dex-5 Stlth+}
   (You bought it in a shop on level 2 of the Orcish Mines)

   A truly terrible weapon, it drains the life of any living foe it strikes.
   Dex:       It affects your dexterity (-5).
   rF:        It renders you almost immune to fire.
   Will:      It decreases your willpower.
   Stlth:     It makes you more stealthy.
 F - a +1 arbalest of flaming
 M - a +1 glaive of freezing
 Q - a +5 morningstar
 T - a +2 glaive of venom
Missiles
 A - 2 throwing nets (quivered)
Armour
 k - a +0 buckler
 m - a +0 helmet (worn)
 s - a +0 tower shield (worn)
 z - a +0 plate armour
 B - a +0 pair of gloves (worn)
 U - a +0 cloak (worn)
 W - a +0 crystal plate armour (worn)
Jewellery
 j - a +4 ring of slaying (right hand)
 x - the amulet of Favvom {rPois rF+ Regen+ Str+3}
   (You found it on level 5 of the Lair of Beasts)

   [amulet of regeneration]

   Str:       It affects your strength (+3).
   rF:        It protects you from fire.
   rPois:     It protects you from poison.
   Regen:     It increases your rate of health regeneration.
 R - the ring of Hoffisuw (left hand) {Will+ AC+4 Str+2 Slay+2}
   (You bought it in a shop on level 3 of the Dungeon)

   [ring of protection]

   AC:        It affects your AC (+4).
   Str:       It affects your strength (+2).
   Slay:      It affects your accuracy & damage with ranged weapons and melee
   (+2).
   Will:      It increases your willpower.
 S - the amulet of Moqas (around neck) {Faith Dex+7 Slay+3}
   (You bought it in a shop on level 1 of the Dungeon)

   [amulet of faith]

   It allows you to gain divine favour quickly.
   Dex:       It affects your dexterity (+7).
   Slay:      It affects your accuracy & damage with ranged weapons and melee
   (+3).
 Y - a +4 ring of slaying
Wands
 r - a wand of charming (18)
 D - a wand of flame (39)
 G - a wand of mindburst (22)
 I - a wand of polymorph (3)
 N - a wand of iceblast (22)
Scrolls
 a - 2 scrolls of fear
 d - 4 scrolls of blinking
 g - 7 scrolls of identify
 h - 13 scrolls of teleportation
 l - a scroll of summoning
 o - 3 scrolls of brand weapon
 q - 5 scrolls of immolation
 t - 4 scrolls of enchant armour
 v - 3 scrolls of amnesia
 w - 5 scrolls of enchant weapon
 C - a scroll of vulnerability
 H - 3 scrolls of magic mapping
 L - a scroll of silence
 O - a scroll of torment
 V - 6 scrolls of butterflies
Potions
 b - 5 potions of invisibility
 c - 4 potions of ambrosia
 e - a potion of magic {unknown}
 f - 7 potions of curing
 i - 6 potions of haste
 n - 11 potions of heal wounds
 p - 2 potions of lignification
 K - 3 potions of cancellation
 P - 3 potions of brilliance
 X - 4 potions of degeneration
 Z - 2 potions of might
Miscellaneous
 E - a box of beasts
 J - a tin of tremorstones (2/2)


   Skills:
 + Level 14.3 Fighting
 * Level 20.9 Axes
 + Level 12.6 Armour
 + Level 10.2 Dodging
 - Level 1.5 Stealth
 + Level 6.3 Shields
 + Level 14.9 Invocations


You had 15 spell levels left.
You didn't know any spells.
Your spell library contained the following spells:

 Spells                   Type           Power      Damage    Failure   Level
 Beastly Appendage        Tmut           0%         N/A       100%        1
 Necrotise                Necr           0%         1d4       100%        1
 Shock                    Conj/Air       0%         1d3       100%        1
 Summon Small Mammal      Summ           0%         N/A       100%        1
 Blink                    Tloc           0%         N/A       100%        2
 Momentum Strike          Conj/Tloc      0%         3d8       100%        2
 Static Discharge         Conj/Air       0%         2-2/arc   100%        2
 Sublimation of Blood     Necr           0%         N/A       100%        2
 Wereblood                Tmut           0%         N/A       100%        2
 Call Canine Familiar     Summ           0%         N/A       100%        3
 Dazzling Flash           Conj/Hex       0%         N/A       100%        3
 Ignite Poison            Fire/Tmut/Pois 0%         N/A       100%        3
 Lesser Beckoning         Tloc           0%         N/A       100%        3
 Spider Form              Tmut/Pois      0%         N/A       100%        3
 Summon Guardian Golem    Hex/Summ       0%         N/A       100%        3
 Swiftness                Air            0%         N/A       100%        3
 Vampiric Draining        Necr           0%         2d6       100%        3
 Vhi's Electric Charge    Tloc/Air       0%         N/A       100%        3
 Airstrike                Air            0%         2d(0-16)  100%        4
 Sticky Flame             Conj/Fire      0%         2d3       100%        4
 Summon Ice Beast         Ice/Summ       0%         N/A       100%        4
 Agony                    Necr           0%         N/A       100%        5
 Alistair's Intoxication  Tmut/Pois      0%         N/A       100%        5
 Arcjolt                  Conj/Air       0%         1d10      100%        5
 Borgnjor's Vile Clutch   Necr/Erth      0%         N/A       100%        5
 Iskenderun's Battlesphe  Conj           0%         2d6       100%        5
 Lightning Bolt           Conj/Air       0%         1d11      100%        5
 Silence                  Hex/Air        0%         N/A       100%        5
 Summon Forest            Summ/Tloc      0%         N/A       100%        5
 Summon Mana Viper        Hex/Summ       0%         N/A       100%        5
 Dispersal                Tloc           0%         N/A       100%        6
 Eringya's Noxious Bog    Tmut/Pois      0%         N/A       100%        6
 Iron Shot                Conj/Erth      0%         9d1       100%        6
 Summon Cactus Giant      Summ           0%         N/A       100%        6
 Monstrous Menagerie      Summ           0%         N/A       100%        7
 Spellforged Servitor     Conj/Summ      0%         N/A       100%        7
 Summon Hydra             Summ           0%         N/A       100%        7
 Ignition                 Fire           0%         3d3       100%        8


Dungeon Overview and Level Annotations

Branches:
Dungeon (15/15)            Temple (0/1) D:4            Lair (5/5) D:10
  Swamp (0/4) Lair:2       Spider (0/4) Lair:3        Slime (0/5) Lair:5
    Orc (2/2) D:9             Elf (0/3) Orc:2        Vaults (0/5) D:14
 Depths (2/4) D:15

Altars:
Elyvilon
Fedhas
Kikubaaqudgha
Ru
Sif Muna
Uskayaw
Vehumet
Xom
Jiyva

Shops:
D:1 =   D:3 =   D:5 *   D:12 [   D:14 :   Orc:1 ?   Orc:2 [(=*

Portals:
Hell: Depths:1
Pandemonium: Depths:1
Trove: D:12 (give +4 demon whip)

Annotations:
D:11 4 transporters
Lair:1 exclusion: oklob plant
Lair:4 exclusion: oklob plant


Innate Abilities, Weirdness & Mutations

You can walk on water.
You are partially covered in iridescent scales. (AC +2)


Message History

Beogh accepts your kill.
The battlesphere dissipates.
You hear an angry buzzing noise.
You hear a deafening roar!
You hear a shout! x2
You hear a deafening roar!
You hear two shouts!
You start resting.
A deep troll earth mage comes into view.
You swap places.
You see here a glowing shapeshifter corpse.
Brunolf no longer looks unusually strong.
Brunolf roars a battlecry!
Your orc knight goes into a battle-frenzy!
A deep elf master archer comes into view.
It is wielding a +2 longbow of freezing.
Aiming: Smiting
Press: ? - help, Dir - move target, f - deep elf master archer Smite: a deep elf master archer, wielding a +2 longbow of freezing and wearing +0 fire dragon scales You smite the deep elf master archer!!
The deep elf master archer is moderately wounded.
Your orc knight hits the deep troll earth mage with a +0 glaive!!
Your orc knight roars a battlecry!
The deep troll earth mage points next to you and mumbles some strange words.
The crystal wall shatters!
The blast of crystal shards hits you but does no damage.
The blast of crystal shards hits Brunolf!
The blast of crystal shards hits your orc knight!! x2
The deep elf master archer drinks a potion.
The deep elf master archer seems to speed up.
You hear a deafening roar! x2; You hear two shouts!
You hear a shout!
You hear an angry hiss.
Unknown command.
Aiming: Smiting
Press: ? - help, Dir - move target, f/p - deep elf master archer Smite: a deep elf master archer, wielding a +2 longbow of freezing and wearing +0 fire dragon scales (moderately wounded, fast)
You smite the deep elf master archer!!
The deep elf master archer is heavily wounded.
Your orc knight hits the deep troll earth mage with a +0 glaive!!
The deep troll earth mage casts a spell next to you.
The crystal wall shatters!
The blast of crystal shards hits your orc knight!!
The blast of crystal shards hits you!!!
You die...

+#+#...## #
........ #.
...... #..
...e.
##.##..T#####
....#..o#.$.#
........#.<.#
#.o@#...#
##o##)).#####
#..†o[.)....#
#..#..)#.†.#?#
##.....).....#
#####...#####
#...).?.#
#...#)..#
#.......#


You could see a deep elf master archer (fast), a deep troll earth mage
(distracted, ally target), 2 friendly orc knights and the friendly Brunolf the
orc knight (strong).

Vanquished Creatures
  A sphinx (Depths:1)
  A storm dragon (shapeshifter) (Depths:2)
  2 fire giants (Depths:2)
  Louise (D:15)
  An ettin (D:15)
  Josephine (D:12)
  2 vault guards (D:14)
  An ice dragon (Lair:5)
  3 hydras
  A death knight (D:9)
  A catoblepas (Lair:2)
  3 centaur warriors
  2 tengu warriors (D:15)
  An orc high priest (Orc:2)
  A hell knight (D:15)
  An iron troll (Depths:1)
  The ghost of valliere the Slasher, a novice DsMo of Okawaru (D:9)
  3 deep trolls
  3 wizards (D:15)
  A necromancer (Lair:3)
  A deep elf pyromancer (D:15)
  2 orc sorcerers (Orc:2)
  4 ugly things
  2 manticores
  3 cyclopes
  8 elephants
  4 torpor snails
  A spectral centaur (D:9)
  7 black mambas
  A guardian serpent (shapeshifter) (D:13)
  A guardian serpent (Lair:5)
  4 cane toads
  A kobold demonologist (D:9)
  4 komodo dragons
  A tengu conjurer (D:9)
  A polar bear (Lair:2)
  4 trolls
  7 hornets (Lair:5)
  26 blink frogs
  A tyrant leech (Lair:5)
  A meliai zombie (D:9)
  8 slime creatures
  5 dream sheep (Lair:4)
  A centaur simulacrum (D:9)
  2 shadows
  A vampire (D:12)
  4 wraiths
  26 yaks
  7 wyverns
  2 basilisks
  A steam dragon (D:10)
  A redback (Lair:5)
  A vampire mosquito (D:12)
  A glowing shapeshifter zombie (Depths:1)
  3 acid dragons
  16 water moccasins
  3 orc warriors
  A sky beast (D:7)
  An ice beast (D:7)
  6 wolves (Lair:3)
  3 ogres (Orc:2)
  5 centaurs
  3 phantoms
  A kobold brigand (D:10)
  4 bullfrogs
  2 gnoll sergeants
  A wight (D:7)
  5 killer bees (D:7)
  4 howler monkeys
  2 electric eels
  A hound (D:5)
  A jelly (D:4)
  5 orc priests
  Terence (D:2)
  An iguana (D:6)
  13 orc wizards
  2 polar bear simulacra (Lair:3)
  7 yak simulacra (Lair:3)
  7 adders
  9 gnolls
  A shadow imp (D:7)
  A white imp (D:6)
  2 worms
  3 dart slugs
  14 orcs
  4 bats
  7 endoplasms
  2 giant cockroaches
  6 goblins
  7 hobgoblins
  6 quokkas
  5 ball pythons
  3 frilled lizards
  13 kobolds
  4 rats
  A river rat simulacrum (Lair:3)
361 creatures vanquished.

Vanquished Creatures (collateral kills)
  Mara (Depths:1)
  A golden dragon (Depths:1)
  A deep elf blademaster (Depths:2)
  A frost giant (shapeshifter) (Depths:2)
  An iron dragon (shapeshifter) (Depths:2)
  2 orc warlords (Orc:2)
  2 war gargoyles (Depths:2)
  2 stone giants (Depths:1)
  5 very ugly things
  A spark wasp (Depths:2)
  Fannar (D:12)
  A fire dragon (Depths:2)
  2 hydras (Lair:5)
  An ice dragon (Depths:1)
  A rakshasa (Depths:1)
  6 vault guards (D:14)
  A spriggan air mage (Depths:2)
  A centaur warrior (D:10)
  A two-headed ogre (shapeshifter) (Depths:2)
  2 boulder beetles
  2 deep troll earth magi
  A tengu warrior (D:14)
  An orc high priest (Orc:2)
  Sonja (D:13)
  An iron troll (Depths:1)
  A storm dragon skeleton (Depths:1)
  A deep troll (D:15)
  A necromancer (Depths:1)
  2 orc sorcerers (Orc:2)
  2 lindwurms (Lair:5)
  3 orc knights
  A wolf spider (Lair:5)
  A shadow dragon skeleton (Depths:1)
  A stone giant zombie (Depths:1)
  A tengu skeleton (Depths:1)
  3 manticores
  16 ugly things
  A cyclops (D:14)
  7 elephants
  2 black mambas (Lair:5)
  2 torpor snails (Lair:5)
  6 cane toads
  5 orange demons (D:12)
  A tengu conjurer (Depths:2)
  An efreet (D:15)
  3 komodo dragons
  3 trolls
  2 tyrant leeches (Lair:5)
  3 red devils (D:12)
  2 hornets (Lair:5)
  11 blink frogs
  6 slime creatures
  2 wraiths (D:12)
  A centaur simulacrum (D:9)
  A culicivora (shapeshifter) (D:15)
  3 wyverns (Lair:5)
  13 yaks
  A basilisk (Lair:5)
  3 vampire mosquitoes
  2 wargs
  An acid dragon (D:13)
  8 water moccasins
  20 orc warriors
  5 ogres
  2 centaurs (D:15)
  A phantom (D:7)
  A kobold brigand (Depths:1)
  A bullfrog (D:8)
  A gnoll sergeant (D:9)
  3 scorpions
  3 wights (D:7)
  A killer bee (D:7)
  A hound (D:5)
  7 orc priests
  3 orc wizards
  3 gnolls
  An adder (D:5)
  7 orcs
  2 kobolds (D:10)
  A river rat simulacrum (Lair:3)
  A butterfly (Lair:1)
227 creatures vanquished.

Vanquished Creatures (others)
  An orc high priest (Orc:2)
  3 orc knights
  A deep troll (Depths:1)
  9 orc warriors
  3 orc sorcerers
  4 orc wizards
  6 orc priests
  23 orcs
  45 fungi
  99 plants
194 creatures vanquished.

Grand Total: 782 creatures vanquished

Notes
Turn   | Place    | Note
-------+----------+-------------------------------------------
     0 | D:1      | valliere the Hill Orc Monk began the quest for the Orb.
     0 | D:1      | Reached XP level 1. HP: 19/19 MP: 1/1
   179 | D:1      | Reached XP level 2. HP: 27/27 MP: 2/2
   247 | D:1      | Found a faded altar of an unknown god.
   254 | D:1      | Found Hitigroa's Jewellery Shoppe.
   423 | D:1      | Reached skill level 1 in Invocations
   762 | D:2      | Noticed Terence
   782 | D:2      | Killed Terence
   783 | D:2      | Reached skill level 1 in Armour
   783 | D:2      | Reached XP level 3. HP: 11/33 MP: 2/4
   912 | D:2      | Reached XP level 4. HP: 40/40 MP: 5/5
  1393 | D:3      | Found Hufuk's Jewellery Emporium.
  1661 | D:3      | Noticed a +0 falchion
  1661 | D:3      | Noticed a +0 short sword
  1662 | D:3      | Noticed a +0 falchion
  1662 | D:3      | Noticed a +0 dagger
  1662 | D:3      | Noticed a +0 spear
  1675 | D:3      | Noticed a +0 dagger
  1675 | D:3      | Noticed a +0 short sword
  1694 | D:3      | Noticed a +0 spear
  1702 | D:3      | Found a hide-covered altar of Uskayaw.
  1791 | D:3      | Identified the +1 flail of Destruction {vorpal, rPois Str+4
                  | Stlth+}
  1988 | D:3      | Became a worshipper of Beogh the Brigand
  1988 | D:3      | Reached * piety under Beogh
  1988 | D:3      | Reached ** piety under Beogh
  2212 | D:4      | Reached skill level 5 in Axes
  2289 | D:4      | Reached XP level 5. HP: 40/46 MP: 6/6
  2605 | D:4      | Found a staircase to the Ecumenical Temple.
  2663 | D:4      | Noticed a phantom
  2678 | D:4      | Killed a phantom
  2679 | D:4      | Reached skill level 6 in Axes
  2679 | D:4      | Reached XP level 6. HP: 50/53 MP: 8/8
  3085 | D:5      | Entered Level 5 of the Dungeon
  3095 | D:5      | Reached *** piety under Beogh
  3098 | D:5      | Gained mutation: Your magical capacity is low. (-10% MP)
                  | [potion of mutation]
  3098 | D:5      | Gained mutation: You are frail. (-10% HP) [potion of
                  | mutation]
  3099 | D:5      | Lost mutation: You are frail. (-10% HP) [potion of
                  | mutation]
  3099 | D:5      | Lost mutation: Your magical capacity is low. (-10% MP)
                  | [potion of mutation]
  3099 | D:5      | Gained mutation: You are frail. (-10% HP) [potion of
                  | mutation]
  3099 | D:5      | Lost mutation: You are frail. (-10% HP) [potion of
                  | mutation]
  3099 | D:5      | Gained mutation: You have sharp fingernails. [potion of
                  | mutation]
  3099 | D:5      | Gained mutation: You have a pair of small horns on your
                  | head. [potion of mutation]
  3100 | D:5      | Lost mutation: You have sharp fingernails. [potion of
                  | mutation]
  3100 | D:5      | Lost mutation: You have a pair of small horns on your head.
                  | [potion of mutation]
  3100 | D:5      | Gained mutation: You are partially covered in iridescent
                  | scales. (AC +2) [potion of mutation]
  3123 | D:5      | Reached skill level 5 in Fighting
  3179 | D:5      | Found a radiant altar of Vehumet.
  3179 | D:5      | Found an ancient bone altar of Kikubaaqudgha.
  3180 | D:5      | Found a shimmering blue altar of Sif Muna.
  3227 | D:5      | Reached XP level 7. HP: 61/61 MP: 9/9
  3455 | D:5      | Found Oluluwu's Serpentskin Sales.
  3551 | D:5      | Reached skill level 7 in Axes
  3990 | D:6      | Reached XP level 8. HP: 42/69 MP: 11/11
  4101 | D:6      | Reached skill level 8 in Axes
  4136 | D:6      | Found a white marble altar of Elyvilon.
  4633 | D:7      | Reached skill level 5 in Invocations
  4637 | D:7      | Reached **** piety under Beogh
  4718 | D:7      | Reached skill level 9 in Axes
  4859 | D:7      | Reached XP level 9. HP: 78/78 MP: 13/13
  4875 | D:7      | HP: 3/78 [poisoned by a killer bee]
  5167 | D:7      | Reached skill level 5 in Armour
  5750 | D:8      | Noticed a cyclops
  5762 | D:8      | Killed a cyclops
  5763 | D:8      | Reached skill level 10 in Axes
  6214 | D:9      | Found a staircase to the Orcish Mines.
  6238 | Orc:1    | Entered Level 1 of the Orcish Mines
  6249 | Orc:1    | Found Uvyo's Magic Scroll Boutique.
  6310 | Orc:1    | Reached skill level 5 in Dodging
  6310 | Orc:1    | Noticed an orc knight
  6316 | Orc:1    | Killed an orc knight
  6317 | Orc:1    | Reached skill level 11 in Axes
  6402 | D:10     | Entered Level 10 of the Dungeon
  6446 | D:10     | Reached XP level 10. HP: 86/88 MP: 15/15
  6449 | D:10     | Noticed a centaur warrior
  6461 | D:10     | Killed a centaur warrior
  6505 | D:10     | Found a sacrificial altar of Ru.
  6522 | D:10     | Identified the +3 trident "Ticaoriu" {drain, Will+++ Str+6
                  | Int-2}
  6524 | D:10     | You fall into a shaft and drop 1 floor!
  6529 | D:11     | Found a transporter.
  6532 | D:11     | Found a transporter.
  6534 | D:11     | Found a transporter.
  6924 | D:10     | Found a shimmering altar of Xom.
  6924 | D:10     | Found a shimmering altar of Xom.
  6925 | D:10     | Found a shimmering altar of Xom.
  6925 | D:10     | Found a shimmering altar of Xom.
  6926 | D:10     | Found a shimmering altar of Xom.
  6933 | D:10     | Found a shimmering altar of Xom.
  7032 | D:10     | Found a staircase to the Lair.
  7528 | Lair:1   | Entered Level 1 of the Lair of Beasts
  7543 | Lair:1   | Noticed a cane toad
  7550 | Lair:1   | Killed a cane toad
  7551 | Lair:1   | Reached skill level 12 in Axes
  7911 | Lair:1   | Noticed a torpor snail
  7922 | Lair:1   | Killed a torpor snail
  7924 | Lair:1   | Reached XP level 11. HP: 82/95 MP: 17/17
  7959 | Lair:1   | Reached skill level 13 in Axes
  7968 | Lair:1   | Gained Ognian as an ally
  8000 | Lair:1   | Noticed an oklob plant
  8042 | Lair:1   | Found a sacrificial altar of Ru.
  8465 | Orc:2    | Entered Level 2 of the Orcish Mines
  8519 | Orc:2    | Found Wigrynk's Jewellery Boutique.
  8520 | Orc:2    | Noticed an orc high priest
  8522 | Orc:2    | Noticed an orc sorcerer
  8523 | Orc:2    | Noticed an orc sorcerer
  8525 | Orc:2    | Killed an orc sorcerer
  8532 | Orc:2    | Noticed an orc knight
  8532 | Orc:2    | Noticed an orc sorcerer
  8533 | Orc:2    | Noticed an orc warlord
  8539 | Orc:2    | Your ally Ognian died
  8543 | Orc:2    | Noticed an orc sorcerer
  8544 | Orc:2    | Noticed a sixfirhy
  9131 | D:1      | Bought the amulet of Moqas {Faith Dex+7 Slay+3} for 743
                  | gold pieces
  9300 | Orc:2    | Noticed an orc warlord
  9300 | Orc:2    | Noticed an orc knight
  9428 | Orc:2    | Noticed an orc sorcerer
  9431 | Orc:2    | Found Rugutojil's Antique Armour Boutique.
  9431 | Orc:2    | Killed an orc sorcerer
  9473 | Orc:2    | Killed an orc sorcerer
  9477 | Orc:2    | Found Wonoph's Armour Boutique.
  9567 | Orc:2    | Killed an orc knight
  9573 | Orc:2    | Killed an orc knight
  9574 | Orc:2    | Reached skill level 14 in Axes
  9702 | Orc:2    | Noticed a soul eater
  9702 | Orc:2    | Killed an orc warlord
  9706 | Orc:2    | Killed an orc sorcerer
  9755 | Orc:2    | Killed an orc warlord
  9909 | Orc:2    | Reached skill level 10 in Invocations
  9954 | Orc:2    | Reached skill level 10 in Fighting
  9958 | Orc:2    | Noticed a sixfirhy
  9959 | Orc:2    | Noticed an orc high priest
  9964 | Orc:2    | Killed an orc high priest
  9964 | Orc:2    | Noticed an orc sorcerer
  9965 | Orc:2    | Reached XP level 12. HP: 83/106 MP: 9/19
  9965 | Orc:2    | Paralysed by an orc sorcerer for 4 turns
  9968 | Orc:2    | Noticed an orc high priest
  9976 | Orc:2    | Noticed a sun demon
  9976 | Orc:2    | Killed an orc high priest
 10095 | Orc:2    | Found Fussanaw's Antique Weapon Shop.
 10108 | Orc:2    | Bought a dazzling hand axe for 240 gold pieces
 10108 | Orc:2    | Identified the +5 hand axe "Qoeragge" {drain, rF+++ Will-
                  | Dex-5 Stlth+} (You bought it in a shop on level 2 of the
                  | Orcish Mines)
 10188 | Orc:2    | Found a staircase to the Elven Halls.
 10330 | Orc:2    | Found Inuarch's General Store.
 11068 | Lair:2   | Reached skill level 15 in Axes
 11362 | Lair:2   | Noticed a catoblepas
 11375 | Lair:2   | Killed a catoblepas
 11590 | Lair:2   | Found a staircase to the Swamp.
 11681 | Lair:2   | Noticed a five-headed hydra
 11688 | Lair:2   | Killed a seven-headed hydra
 11874 | Lair:3   | Reached skill level 16 in Axes
 12066 | Lair:3   | Reached XP level 13. HP: 86/116 MP: 21/21
 12354 | Lair:3   | Found a hole to the Spider Nest.
 12703 | Lair:3   | Reached ***** piety under Beogh
 13214 | Lair:4   | Reached skill level 10 in Armour
 13229 | Lair:4   | Reached skill level 17 in Axes
 13632 | Lair:4   | Found a blossoming altar of Fedhas.
 14161 | Lair:5   | Entered Level 5 of the Lair of Beasts
 14178 | Lair:5   | Gained Borgun as an ally
 14181 | Lair:5   | Gained Syrus as an ally
 14521 | Lair:5   | Your ally Borgun died
 14552 | Lair:5   | Found a staircase to the Slime Pits.
 14569 | Lair:5   | Found a viscous altar of Jiyva.
 15015 | Lair:5   | Reached skill level 18 in Axes
 15029 | Lair:5   | Identified the amulet of Favvom {rPois rF+ Regen+ Str+3}
 15052 | Lair:5   | Reached XP level 14. HP: 126/126 MP: 23/23
 15169 | Lair:5   | Found a runed translucent door.
 15352 | Lair:5   | Reached ****** piety under Beogh
 15914 | Lair:5   | Reached skill level 1 in Shields
 16391 | D:3      | Bought the ring of Hoffisuw {Will+ AC+4 Str+2 Slay+2} for
                  | 795 gold pieces
 16709 | D:9      | Found a runed translucent gate.
 16710 | D:9      | Found a runed translucent gate.
 16711 | D:9      | Found a runed translucent gate.
 16713 | D:9      | Noticed valliere's ghost (novice DsMo)
 16723 | D:9      | Gained Syrus as an ally
 16736 | D:9      | Killed valliere's ghost
 17514 | D:11     | Found a transporter.
 18381 | D:12     | Reached skill level 19 in Axes
 18715 | D:12     | Found a portal to a secret trove of treasure.
 18715 | D:12     | Noticed Fannar
 18719 | D:12     | Gained Gorm as an ally
 18722 | D:12     | Killed Fannar
 18872 | D:12     | Noticed Josephine
 18890 | D:12     | Your ally Syrus died
 18892 | D:12     | Killed Josephine
 18945 | D:12     | Identified the +0 ring mail of Agoraphobia {rPois rN+
                  | Int+3}
 19135 | D:12     | Found Viugedwy's Antique Armour Shoppe.
 19716 | D:13     | Identified the +2 chain mail of the Robin {Drain rElec rF+
                  | rCorr}
 19771 | D:13     | Noticed Sonja
 19774 | D:13     | Killed Sonja
 19912 | D:13     | Got Sif Muna's Volume of Metal and Peregrination
 20383 | D:14     | Reached XP level 15. HP: 102/136 MP: 25/25
 20610 | D:14     | Found Sinkizxu's Book Emporium.
 20632 | D:14     | Gained Brunolf as an ally
 20903 | D:14     | Found a gate to the Vaults.
 21757 | D:15     | Entered Level 15 of the Dungeon
 21899 | D:15     | Noticed Louise
 21904 | D:15     | Killed Louise
 22083 | D:15     | Reached skill level 20 in Axes
 22083 | D:15     | Found a staircase to the Depths.
 22183 | D:15     | Reached skill level 5 in Shields
 22840 | Depths:1 | Entered Level 1 of the Depths
 22868 | Depths:1 | Identified the +3 robe of Umiucla Hito {rF+}
 23163 | Depths:1 | Found a one-way gate leading to the halls of Pandemonium.
 23163 | Depths:1 | Noticed Mara
 23169 | Depths:1 | Killed Mara
 23201 | Depths:1 | Found a gateway to Hell.
 23206 | Depths:1 | Noticed a golden dragon
 23212 | Depths:1 | Killed a golden dragon
 23824 | Depths:1 | Reached skill level 10 in Dodging
 24149 | Depths:1 | Noticed a sphinx
 24155 | Depths:1 | Killed a sphinx
 24626 | Depths:2 | Noticed an iron dragon
 24629 | Depths:2 | Killed an iron dragon
 24630 | Depths:2 | Reached XP level 16. HP: 131/146 MP: 20/27
 24632 | Depths:2 | Noticed a deep elf blademaster
 24637 | Depths:2 | Killed a deep elf blademaster
 24657 | Depths:2 | Noticed a storm dragon
 24666 | Depths:2 | Killed a storm dragon
 24700 | Depths:2 | Noticed a shadow dragon
 24706 | Depths:2 | a shadow dragon changed into a frost giant
 24723 | Depths:2 | Noticed a deep elf master archer
 24726 | Depths:2 | Killed from afar by a deep troll earth mage

Illustrated notes

Levels and vault maps discovered:
D:1:      dpeg_arrival_snail, layout_basic, serial_shops, shop,
          dreamdust_ecumenical_altar_grove, minmay_misc_feat_hallway
D:2:      layout_loops_ring, uniq_terence
D:3:      layout_basic, nicolae_uskayaw_en_pointe, serial_shops, shop,
          kennysheep_generic_room_16
D:4:      minmay_octagon_keep, layout_basic, minmay_temple_entry_trees,
          serial_co_window_serial, co_window_paths_a, co_window_corner_a,
          co_window_paths_a, co_window_of_opportunity_a, co_window_paths_a,
          co_window_of_opportunity_a, co_window_unsneaky_path_d,
          co_window_corner_cb, co_window_unsneaky_path_c, co_window_broadway_b,
          co_window_broadway_a, glass_columns_b, glass_columns_a,
          glass_columns_b, glass_columns_a, glass_columns_b
D:5:      layout_cave_pools, grunt_temple_overflow_magic_moments, minivault_25,
          guppyfry_shop_venom
D:6:      layout_loops_ring, elyvilon_altar_5
D:7:      layout_gridville
D:8:      layout_loops_cross, serial_rivers, chequers_serial_rivers_room_b,
          chequers_serial_rivers_large_a, chequers_serial_rivers_micro_a,
          chequers_serial_rivers_micro_b, chequers_serial_rivers_small_a,
          chequers_serial_rivers_micro_e
D:9:      minmay_the_grid_four_pointed_star_mashed
          [minmay_the_grid_triangle_9x9_zippers_horizontal,
          minmay_the_grid_triangle_9x9_warning,
          minmay_the_grid_triangle_9x9_shrine,
          minmay_the_grid_triangle_9x9_pentomino_pain,
          minmay_the_grid_prize_inner_circle], layout_rooms, orc_0_dummy,
          gammafunk_ghost_necromancy
D:10:     layout_basic, xom_shifter_show, lemuel_doored_altar, lair_entry_dummy,
          minmay_misc_feat_ornament
D:11:     layout_irregular_city, nicolae_transporter_circle
D:12:     layout_loops_ring, serial_shops, shop_coins, enter_trove_2,
          amethyst_killhole, minmay_beelzebubs_servants, uniq_josephine,
          uniq_fannar
D:13:     layout_roguey, uniq_sonja
D:14:     layout_layer_cave, erik_vaults_2, serial_shops, shop,
          minmay_splitting_lines
D:15:     hangedman_depths_entry_civil_slaughter, layout_basic,
          minmay_misc_feat_columns, uniq_louise
Lair:1:   minmay_lair_oklob_chamber, layout_hall_layers, basic_altar,
          lemuel_fruit_fields
Lair:2:   layout_cave_shapes, minmay_swamp_entry_eels, serial_bayou_shore_b,
          grunt_megastairs_3
Lair:3:   layout_loops_ring, dummy_spider_entry, chequers_serial_rivers_large_b,
          chequers_serial_rivers_small_b, eino_house_with_fridge,
          serial_bayou_shore_a, serial_bayou_shore_b
Lair:4:   layout_roguey, hangedman_tree_tricks, chequers_serial_rivers_micro_a,
          beast_lair_carwin_4, infiniplex_staircase_pool
Lair:5:   hangedman_lair_tendril_chambers, layout_regular_city, wormcave,
          slime_entry_1, ldierk_geyser, st_stairs_7
Orc:1:    layout_caves, serial_shops, shop, nicolae_orc_crystal_geode
Orc:2:    grunt_orc_gardens, layout_caves, grunt_orc_garden, grunt_orc_garden,
          grunt_orc_garden, grunt_orc_garden, serial_shops, shop_statue,
          nicolae_orc_tapped_out
Depths:1: layout_gridville, pf_coc_iceberg, marbit_kobold_abyss_entry,
          pan_entry, serial_sigils_hangedman_confine,
          ebering_dispersal_statue_hall, minmay_holes, minmay_statues_item,
          nicolae_titane, uniq_mara
Depths:2: hangedman_crystal_crosses_colossus [crystal_crosses_arms_four,
          crystal_crosses_arms_four, crystal_crosses_arms_two,
          crystal_crosses_arms_one], hell_entry, abyss_entry, pan_entry

Skill      XL: |  1  2  3  4  5  6  7  8  9 10 11 12 13 14 15 |
---------------+----------------------------------------------+-----
Invocations    | 1 2 3 4 5 7 8 10 11 12 13 14 | 14.9
Fighting       | 4 5 6 7 8 10 11 12 13 14 | 14.3
Armour         | 1 2 3 4 6 7 8 9 10 11 12 | 12.6
Axes           | 5 6 7 9 11 12 14 16 18 19 20 | 20.9
Dodging        | 3 4 5 6 7 8 9 10 | 10.2
Shields        | 3 6 |  6.3
Stealth        | |  1.5

Action                   |  1- 3 |  4- 6 |  7- 9 | 10-12 | 13-15 | 16-18 || total
-------------------------+-------+-------+-------+-------+-------+-------++-------
Melee: Hand axe          |    61 |   130 |   198 |   356 |   724 |    26 ||  1495
Throw: Throwing net      |       |       |       |     2 |       |       ||     2
Invok: Convert to Beogh  |       |     1 |       |       |       |       ||     1
       Smiting           |       |       |     6 |    21 |    34 |     4 ||    65
       Give Item to Name |       |       |       |       |     2 |       ||     2
       Recall Orcish Fol |       |       |       |       |     3 |       ||     3
  Use: Potion            |     1 |     3 |       |       |     2 |       ||     6
       Scroll            |     1 |     2 |       |     7 |    17 |       ||    27
 Stab: Sleeping          |     1 |     1 |       |       |       |       ||     2
       Distracted        |       |       |       |     4 |    12 |     1 ||    17
       Held in net/web   |       |       |       |     2 |       |       ||     2
       Paralysed         |       |       |       |     1 |     2 |       ||     3
       Confused          |       |       |       |       |     2 |       ||     2
Armor: Robe              |     4 |       |       |       |       |       ||     4
       Leather armour    |     3 |       |       |       |       |       ||     3
       Ring mail         |     2 |    42 |     3 |       |       |       ||    47
       Scale mail        |       |       |    23 |       |       |       ||    23
       Plate armour      |       |       |    91 |   150 |   368 |    12 ||   621
       Crystal plate arm |       |       |       |       |       |     7 ||     7
Dodge: Dodged            |    21 |    52 |    73 |    89 |   245 |     7 ||   487
Block: Buckler           |     5 |     8 |    25 |    48 |    84 |       ||   170
       Tower shield      |       |       |       |       |    86 |    19 ||   105

Table legend: (Time is in decaauts)
 A = Elapsed time spent in this place.
 B = Non-inter-level travel time spent in this place.
 C = Inter-level travel time spent in this place.
 D = Time resting spent in this place.
 E = Time spent auto-exploring this place.
 F = Levels seen in this place.
 G = Mean time per level.
                   A        B        C        D        E       F      G
               +--------+--------+--------+--------+--------+-----+--------+
         Total |  24475 |  22928 |   1547 |   2020 |  16610 |  24 | 1019.8 |
       Dungeon |  14442 |  13226 |   1216 |    424 |  10461 |  15 |  962.8 |
          Lair |   6137 |   5938 |    199 |    135 |   4740 |   5 | 1227.4 |
  Orcish Mines |   2013 |   1929 |     84 |    666 |    645 |   2 | 1006.5 |
        Depths |   1880 |   1833 |     47 |    795 |    764 |   2 |  940.0 |
               +--------+--------+--------+--------+--------+-----+--------+

Top non-repeatable levels by time:
  Lair:5: 1876 daAuts
Depths:1: 1782 daAuts
    D:14: 1415 daAuts
    D:10: 1314 daAuts
  Lair:3: 1229 daAuts
  Lair:1: 1146 daAuts
  Lair:4: 1140 daAuts
    D:12: 1109 daAuts
    D:15: 1076 daAuts
   Orc:2: 1028 daAuts
    D:11: 1017 daAuts
     D:8: 997 daAuts
   Orc:1: 984 daAuts
     D:3: 959 daAuts
     D:4: 943 daAuts
